Map: Cactus Valley LE (Void)

Players

Fusion

  • Race: Protoss Protoss
  • League: Diamond
  • Spawn Location: 11:00

Julles - Winner!

  • Race: Terran Terran
  • League: Diamond
  • Spawn Location: 1:00

VOD

Have the link to the VOD?

Description

Time

  • Played on: Jan. 25, 2017, 2:21 p.m.
  • Length: 11:32
Show
View Real Time Build Order
Export as new Build Order

Fusion Protoss 

Build Orders: 1 Gate Expand 

Get SALT Encoding   

  12  0:02  Probe (Chrono Boost)  
  13  0:13  Probe (Chrono Boost)  
  14  0:18  Pylon  
  14  0:23  Probe (Chrono Boost)  
  15  0:37  Probe (Chrono Boost)  
  15  0:40  Gateway  
  16  0:46  Assimilator  
  16  0:47  Probe (Chrono Boost)  
  17  0:58  Probe (Chrono Boost)  
  18  1:11  Probe (Chrono Boost)  
  19  1:26  Probe (Chrono Boost)  
  19  1:30  Nexus  
  20  1:39  Cybernetics Core  
  20  1:45  Probe (Chrono Boost)  
  21  1:47  Assimilator  
  21  2:01  Probe (Chrono Boost), Pylon  
  22  2:11  Probe (Chrono Boost)  
  23  2:16  Adept  
  23  2:18  Warp Gate  
  27  2:33  Mothership Core (Chrono Boost)  
  27  2:39  Robotics Facility  
  27  2:42  Probe (Chrono Boost)  
  28  2:48  Adept  
  31  2:51  Probe (Chrono Boost)  
  31  2:53  Probe (Chrono Boost)  
  32  3:02  Twilight Council, Probe (Chrono Boost)  
  33  3:06  Probe (Chrono Boost)  
  33  3:12  Probe (Chrono Boost)  
  35  3:17  Probe (Chrono Boost)  
  35  3:19  Adept  
  38  3:24  Observer, Probe (Chrono Boost)  
  40  3:27  Probe (Chrono Boost)  
  41  3:35  Assimilator  
  41  3:36  Probe (Chrono Boost)  
  41  3:38  Probe (Chrono Boost)  
  41  3:39  Resonating Glaives, Pylon  
  43  3:48  Probe (Chrono Boost)  
  44  3:49  Observer  
  45  3:55  Gateway  
  45  3:57  Gateway  
  45  4:02  Gateway  
  46  4:04  Probe (Chrono Boost)  
  46  4:05  Probe (Chrono Boost)  
  47  4:19  Probe (Chrono Boost)  
  47  4:20  Probe (Chrono Boost)  
  49  4:29  Probe (Chrono Boost)  
  51  4:32  Probe (Chrono Boost)  
  51  4:38  Adept  
  53  4:40  Probe (Chrono Boost)  
  53  4:41  Assimilator  
  53  4:44  Pylon  
  54  4:52  Pylon  
  54  4:55  Pylon  
  54  5:03  Probe (Chrono Boost)  
  55  5:09  Forge  
  55  5:10  Forge  
  55  5:12  Forge  
  51  5:16  Adept  
  51  5:17  Adept x3  
  53  5:32  Probe (Chrono Boost)  
  53  5:33  Protoss Ground Weapons Level 1  
  53  5:34  Probe (Chrono Boost)  
  36  5:40  Protoss Ground Armor Level 1  
  36  5:45  Mothership Core (Chrono Boost)  
  36  5:46  Probe (Chrono Boost)  
  36  5:48  Robotics Bay  
  40  5:58  Probe (Chrono Boost)  
  41  6:05  Probe (Chrono Boost)  
  41  6:10  Probe (Chrono Boost), Pylon  
  42  6:17  Probe (Chrono Boost)  
  42  6:22  Probe (Chrono Boost)  
  39  6:28  Colossus  
  39  6:29  Probe (Chrono Boost)  
  36  6:36  Probe (Chrono Boost)  
  44  6:41  Probe (Chrono Boost)  
  45  6:48  Probe (Chrono Boost)  
  45  6:50  Adept x3  
  45  6:52  Sentry  
  45  6:53  Probe (Chrono Boost)  
  54  7:00  Probe (Chrono Boost)  
  55  7:05  Probe (Chrono Boost)  
  56  7:20  Adept x4  
  56  7:21  Pylon  
  64  7:26  Colossus  
  70  7:48  Adept x3  
  76  7:56  Probe x2 (Chrono Boost)  
  78  8:00  Pylon  
  78  8:18  Observer  
  79  8:20  Probe (Chrono Boost)  
  72  8:39  Protoss Ground Armor Level 2, Protoss Ground Weapons Level 2  
  72  8:40  Colossus  
  78  8:54  Stalker  
  78  8:55  Stalker x3  
  80  9:09  Templar Archives  
  80  9:12  Nexus  
  75  9:27  Sentry x2  
  75  9:28  Sentry x2  
  83  9:48  Psionic Storm  
  83  9:54  High Templar  
  84  10:00  Pylon  
  84  10:07  Adept  
  85  10:28  Pylon  
  85  10:31  Pylon  
  85  10:32  High Templar  
  85  10:33  High Templar x2  
  91  10:36  Zealot  
  99  10:53  Probe (Chrono Boost)  
  99  10:54  Probe (Chrono Boost)  
  99  10:55  Probe (Chrono Boost)  
  102  11:04  Probe (Chrono Boost)  
  103  11:06  Probe (Chrono Boost)  
  103  11:07  Probe (Chrono Boost)  
  103  11:15  Stargate  
  99  11:19  Stargate  
  87  11:28  Archon  
Show
View Real Time Build Order
Export as new Build Order

Julles Terran - Winner!

Build Orders: MMM Bio 

Get SALT Encoding   

  12  0:01  SCV  
  13  0:13  SCV  
  14  0:18  Supply Depot  
  14  0:25  SCV  
  15  0:40  SCV, Barracks  
  16  0:45  Refinery  
  16  0:52  SCV  
  17  1:04  SCV  
  18  1:21  SCV  
  19  1:29  Barracks Reactor  
  19  1:35  Orbital Command  
  19  1:46  Command Center  
  19  1:57  Barracks  
  20  2:01  SCV  
  20  2:10  Marine x2  
  20  2:13  SCV  
  23  2:21  Supply Depot  
  23  2:38  Engineering Bay  
  23  2:42  Marine x2  
  23  2:43  SCV  
  26  2:45  Barracks Tech Lab  
  26  2:55  SCV  
  27  2:59  Orbital Command  
  27  3:05  Marine x3  
  29  3:07  SCV  
  29  3:09  Combat Shields  
  31  3:19  SCV  
  32  3:22  Marine, Missile Turret  
  32  3:24  Marine  
  34  3:28  SCV  
  34  3:30  Marine  
  34  3:31  SCV  
  37  3:40  Terran Infantry Weapons Level 1, SCV, Marine  
  39  3:42  Marine  
  39  3:43  SCV  
  39  3:47  Supply Depot  
  41  3:51  Missile Turret  
  41  3:52  SCV, Marine  
  43  3:58  Marine  
  43  3:59  Marine  
  43  4:00  SCV  
  46  4:05  Supply Depot  
  46  4:09  SCV  
  47  4:10  Marine  
  47  4:12  SCV  
  47  4:16  Marine  
  50  4:17  Marine  
  50  4:21  SCV  
  52  4:25  Factory  
  52  4:28  Marine  
  52  4:29  Barracks  
  53  4:34  Marine  
  53  4:35  Marine, SCV  
  53  4:36  SCV  
  53  4:38  Supply Depot  
  57  4:43  Refinery  
  57  4:50  SCV x2  
  57  4:51  Marine  
  57  4:52  Command Center  
  60  4:56  Refinery  
  60  4:58  Refinery  
  60  5:01  Stimpack  
  60  5:06  SCV x2  
  60  5:18  SCV, Marine  
  60  5:19  Marine x3  
  60  5:20  SCV  
  65  5:29  Starport  
  65  5:30  SCV  
  56  5:36  Marine x3  
  56  5:37  Factory Reactor  
  56  5:39  Barracks Reactor  
  56  5:42  SCV x2  
  56  5:50  Supply Depot  
  56  5:54  Marine x2, SCV  
  56  5:55  Bunker  
  59  5:57  Terran Infantry Armor Level 1  
  59  5:58  Bunker  
  59  5:59  SCV  
  59  6:01  Marine  
  61  6:06  SCV  
  61  6:10  Missile Turret  
  62  6:11  SCV, Orbital Command  
  62  6:12  Marine x2  
  65  6:19  Marine  
  65  6:22  Marine x2  
  66  6:27  SCV x2  
  66  6:30  Marine x2  
  69  6:36  Medivac x2  
  69  6:37  Marine  
  69  6:38  Orbital Command  
  69  6:39  SCV x2  
  76  6:40  Marine x2  
  78  6:47  Marine  
  78  6:49  Factory Reactor  
  78  6:51  SCV  
  78  6:52  SCV  
  81  6:56  Armory  
  81  6:58  Missile Turret  
  81  7:00  Bunker  
  81  7:03  SCV, Engineering Bay  
  81  7:04  SCV  
  81  7:06  Medivac x2  
  81  7:08  Marine x4  
  87  7:09  Marine  
  87  7:14  SCV  
  93  7:21  Supply Depot  
  93  7:22  Supply Depot  
  93  7:23  SCV x2  
  93  7:26  SCV, Marine x5  
  101  7:30  Supply Depot  
  101  7:39  Liberator x2  
  101  7:42  SCV x3, Widow Mine x2  
  101  7:44  Marine x3  
  101  7:54  Marine x2  
  101  7:57  SCV x3  
  112  8:00  Refinery  
  112  8:01  Marine  
  112  8:02  Marine  
  112  8:03  Starport  
  114  8:07  Refinery  
  114  8:09  SCV x2  
  114  8:10  SCV, Barracks x2  
  117  8:15  Barracks  
  117  8:21  SCV  
  113  8:27  Marine x5  
  113  8:32  Widow Mine x2  
  110  8:38  Liberator  
  110  8:39  Liberator  
  102  8:45  Marine x4  
  102  8:46  Marauder  
  104  8:58  Starport Tech Lab  
  104  9:01  Widow Mine  
  104  9:02  Marine  
  112  9:03  Marine x2  
  112  9:09  Barracks Tech Lab x2  
  115  9:10  Barracks Tech Lab, Terran Infantry Armor Level 2, Terran Infantry Weapons Level 2  
  115  9:12  Terran Ship Weapons Level 1  
  115  9:21  Marine  
  115  9:22  Marauder, Marine x2  
  120  9:34  Marauder  
  120  9:35  Marauder x2, Marine  
  120  9:36  Concussive Shells  
  124  9:39  Marine  
  124  9:42  Supply Depot  
  124  9:43  Command Center, Supply Depot  
  125  9:46  Liberator  
  125  9:55  Fusion Core  
  125  9:57  Supply Depot  
  125  10:03  Marine x3  
  125  10:04  Marauder, Marine  
  125  10:05  Marauder x3  
  140  10:09  Supply Depot x2  
  140  10:19  Hellbat x2, Liberator  
  140  10:20  Medivac  
  140  10:21  SCV, Marine  
  144  10:25  Marauder  
  144  10:26  Marauder x3  
  144  10:27  Supply Depot  
  153  10:30  Missile Turret  
  153  10:34  Sensor Tower  
  156  10:44  Missile Turret x2  
  156  10:47  Marauder x2  
  156  10:48  Marine x2  
  156  10:49  Marauder x2, Marine x2  
  169  11:08  Marauder  
  169  11:09  Marauder  
Tags
 
Add a new tag
Caveats
  • Supply blocks, unpowered buildings, or Contaminate may cause inaccurate times.
  • Supply counts are checked every 10 seconds.